 Dungeon Crawl Stone Soup version 0.20.1-1-g8b1a95d (webtiles) character file.

6209 Jazqa the Fighter (level 10, -21/72 HPs)
             Began as a Gargoyle Monk on Oct 31, 2017.
             Demolished by a komodo dragon (24 damage)
             ... on level 9 of the Dungeon.
             The game lasted 00:12:37 (7720 turns).

Jazqa the Fighter (Gargoyle Monk)                   Turns: 7720, Time: 00:12:38

Health: -21/72     AC: 19    Str: 18 (20) XL:     10   Next: 92%
Magic:  19/19      EV:  5    Int: 18 (20) God:    Xom [*.....]
Gold:   511        SH:  0    Dex:  9 (12) Spells: 9/9 levels left

rFire    . . .     SeeInvis .   w - +9 mace of Mastery {crush, rPois Int+6}
rCold    . . .     Gourm    .   (no shield)
rNeg     + + .     Faith    .   m - +0 plate armour
rPois    ∞         Spirit   .   z - +1 helmet
rElec    +         Reflect  .   q - scarf {cloud immunity}
rCorr    .         Harm     .   (no gloves)
MR       .....                  (no boots)
Stlth    ..........             J - amulet of magic regeneration
Regen    0.3/turn               W - ring of magical power
MPRegen  0.3/turn               N - ring of positive energy

@: mighty, cleaving
A: negative energy resistance 1, electricity resistance, unbreathing,
petrification resistance, rot immunity, AC +7
a: Renounce Religion


You were on level 9 of the Dungeon.
You worshipped Xom.
You were a special plaything of Xom.
You were near starving.

You visited 1 branch of the dungeon, and saw 10 of its levels.
You also visited: Ossuary.

You collected 511 gold pieces.


Innate Abilities, Weirdness & Mutations

You are resistant to torment.
Your stone body is resilient. (AC +7)
You are immune to poison.
You resist negative energy. (rN+)
You are resistant to electric shocks. (rElec)
You can survive without breathing.
You are immune to petrification.
You are immune to rotting.


   Skills:
 + Level 12.5 Fighting
 + Level 11.6 Maces & Flails
 - Level 2.4 Dodging
 - Level 2.1 Stealth


You had 9 spell levels left.
You didn't know any spells.

Inventory:

Hand Weapons
 w - the +9 mace of Mastery (weapon) {crush, rPois Int+6}
   (You found it on level 5 of the Dungeon)

   It inflicts extra damage upon your enemies.
   It affects your intelligence (+6).
   It protects you from poison.
 y - the +1 morningstar of Oozing Pus {freeze, Str+3 Dex+4 Stlth+}
   (You found it on level 7 of the Dungeon)

   It has been specially enchanted to freeze those struck by it, causing extra
   injury to most foes and up to half again as much damage against particularly
   susceptible opponents.
   It can also slow down cold-blooded creatures.
   It affects your strength (+3).
   It affects your dexterity (+4).
   It makes you more stealthy.
Missiles
 j - a throwing net (quivered) {=f}
Armour
 m - a +0 plate armour (worn)
 q - a scarf of cloud immunity (worn)
 z - a +1 helmet (worn)
Magical Staves
 o - an uncursed staff of energy {unknown}
Jewellery
 J - an amulet of magic regeneration (around neck)
 N - a ring of positive energy (right hand)
 W - a ring of magical power (left hand)
Wands
 k - a wand of scattershot (4/9)
 s - a wand of iceblast (6/15)
 x - a wand of flame (30/48)
Scrolls
 l - 3 scrolls of remove curse {@r2}
 n - 3 scrolls of noise {unknown}
 t - 2 scrolls of identify {@r1}
 u - a scroll of fear {unknown}
 v - 2 scrolls of fog
 A - 3 scrolls of magic mapping
 B - 4 scrolls of enchant armour
 C - 2 scrolls of enchant weapon
 H - 2 scrolls of recharging
Potions
 d - a potion of degeneration {!q}
 e - a potion of magic
 f - 2 potions of ambrosia
 g - 5 potions of curing {@q1}
 h - a potion of haste {@q3}
 i - a potion of lignification {!q}
 p - a potion of resistance {unknown}
 r - a potion of mutation {!q}
 E - 2 potions of flight
 F - a potion of brilliance {unknown}
 G - 2 potions of agility
 I - a potion of berserk rage {unknown}
Books
 a - a Young Poisoner's Handbook

   Spells                             Type                      Level
   a - Sting                          Conjuration/Poison           1
   b - Poisonous Vapours              Poison/Air                   2
   c - Mephitic Cloud                 Conjuration/Poison/Air       3
   d - Olgreb's Toxic Radiance        Poison                       4
   e - Venom Bolt                     Conjuration/Poison           5
Comestibles
 b - 5 fruits {@e2}
 c - 7 bread rations {@e1}
 K - a royal jelly {@e3}

Dungeon Overview and Level Annotations

Branches:
Dungeon (10/15)            Temple (0/1) D:6
   Lair: D:8-11         Orc: D:9-12

Altars:
Dithmenos
Elyvilon
Xom

Shops:
D:6 }

Annotations:
D:9 Erica

∆∆▓..▓...▓...).....# #
∆▓▓...▓............##)
▓▓...▓...........#...
...▓.......((.(###.#
▓..........(.##....#
▓▓........####....# .#
▓.......### #....#..#.
∆ ▓▓........#
#.l)...... ▓..!......#
#.@.##..#.
▓.....#...##......#
...
...........+......(.
..
......#...##?.....###
# §.....#...##......#
....#.#............
....#.#...#####...#
...##.# .# #.... ...#
.# ∆


You could see a komodo dragon.


Message History

You feel yourself slow down.
You float gracefully downwards.
The centaur shouts!
The centaur shoots an arrow.
The arrow barely misses you.
The centaur shoots an arrow.
The arrow hits you but does no damage.
You see here an arrow.
The centaur shoots an arrow.
The arrow hits you but does no damage.
You see here an arrow.
The komodo dragon hisses angrily.
The centaur shoots an arrow.
The arrow hits you.
You see here an arrow.
Found a dagger.
The centaur shoots an arrow.
The arrow barely misses you.
Found a scroll of summoning.
The centaur shoots an arrow.
The arrow hits you but does no damage.
You hit the komodo dragon.
The komodo dragon is lightly wounded.
The komodo dragon bites you!!
* * * LOW HITPOINT WARNING * * *
Your plate armour prevents you from hitting the komodo dragon.
The komodo dragon is lightly wounded.
The komodo dragon bites you!
* * * LOW HITPOINT WARNING * * *
You sock the komodo dragon!
The komodo dragon is moderately wounded.
You bludgeon the centaur!!
You kill the centaur!
The komodo dragon bites you!!
You die...
Xom thinks this is hilarious!

Skill      XL: |  1  2  3  4  5  6  7  8  9 10 |
---------------+-------------------------------+-----
Fighting       | 4 5 6 7 9 11 12 | 12.5
Maces & Flails | 4 5 6 8 10 11 | 11.6
Dodging        | |  2.4
Stealth        | |  2.1

Action                   |  1- 3 |  4- 6 |  7- 9 | 10-12 || total
-------------------------+-------+-------+-------+-------++-------
Melee: Mace              |    64 |   179 |   366 |   173 ||   782
       Morningstar       |       |       |     3 |       ||     3
Evoke: Wand              |       |       |       |     1 ||     1
  Use: Scroll            |     4 |     5 |     9 |     3 ||    21
       Potion            |       |     1 |     3 |     6 ||    10
 Stab: Sleeping          |     8 |       |       |       ||     8
       Distracted        |       |       |     1 |       ||     1
  Eat: Chunk             |       |     7 |     9 |     3 ||    19
       Royal jelly       |       |       |     1 |       ||     1
Armor: Robe              |    21 |    16 |       |       ||    37
       Plate armour      |       |   131 |   341 |   150 ||   622
Dodge: Dodged            |    45 |    82 |    66 |    37 ||   230

Vault maps used:
D:1:      lightli_arrival_statue_moat
D:3:      chequers_ecumenical_altar_twisty, st_stairs_3
D:5:      first_bread, basic_altar, uniq_grinder, uniq_duvessa
D:6:      minmay_temple_entry_statues, enter_ossuary_4, serial_shops,
          nicolae_shop_competitors_out_of_business, grunt_decor_mini_mirrors,
          serial_bayou_pond_a, lemuel_old_faithful
D:7:      grunt_dithmenos_shadows, uniq_joseph, uniq_prince_ribbit1
D:9:      minmay_the_grid_four_pointed_star_mashed, uniq_erica
D:10:     lair_entry_dummy, uniq_grum, uniq_nergalle
Ossuary:  ossuary_zaba_flooded

Notes
Turn   | Place    | Note
-------+----------+-------------------------------------------
     0 | D:1      | Jazqa the Gargoyle Monk began the quest for the Orb.
     0 | D:1      | Reached XP level 1. HP: 14/14 MP: 1/1
   112 | D:1      | Reached XP level 2. HP: 19/19 MP: 2/2
   738 | D:2      | Reached skill level 4 in Fighting
   738 | D:2      | Reached XP level 3. HP: 24/24 MP: 3/3
  1070 | D:2      | Reached XP level 4. HP: 12/30 MP: 4/4
  1244 | D:2      | Reached skill level 4 in Maces & Flails
  1762 | D:3      | Found a faded altar of an unknown god.
  1792 | D:3      | Became a worshipper of Xom of Chaos
  1916 | D:3      | Reached skill level 5 in Fighting
  1935 | D:3      | Reached XP level 5. HP: 33/35 MP: 5/5
  2536 | D:4      | XOM: mild Pois miscast
  2778 | D:4      | Reached XP level 6. HP: 36/41 MP: 6/6
  2870 | D:4      | Reached skill level 5 in Maces & Flails
  2946 | D:4      | XOM is BORED!
  2946 | D:4      | XOM: harmless Pois miscast
  3094 | D:4      | XOM: mild Pois miscast
  3210 | D:5      | Entered Level 5 of the Dungeon
  3210 | D:5      | Found a white marble altar of Elyvilon.
  3210 | D:5      | Noticed Grinder
  3211 | D:5      | XOM: potion effect (agility)
  3217 | D:5      | Paralysed by Grinder for 5 turns
  3231 | D:5      | Killed Grinder
  3231 | D:5      | Reached skill level 6 in Fighting
  3303 | D:5      | Noticed an ice beast
  3303 | D:5      | XOM: noise
  3317 | D:5      | Reached XP level 7. HP: 47/47 MP: 7/7
  3334 | D:5      | Reached skill level 6 in Maces & Flails
  3371 | D:5      | XOM: confuse monster(s)
  3393 | D:5      | Noticed Duvessa
  3397 | D:5      | Got an iridescent mace
  3397 | D:5      | XOM: noise
  3399 | D:5      | Identified the +9 mace of Mastery {crush, rPois Int+6} (You found it on level 5 of the Dungeon)
  3400 | D:5      | Noticed Dowan
  3407 | D:5      | Killed Duvessa
  3407 | D:5      | Reached skill level 7 in Fighting
  3407 | D:5      | XOM: potion effect (curing)
  3415 | D:5      | Killed Dowan
  3657 | D:5      | Reached XP level 8. HP: 46/54 MP: 8/8
  3657 | D:5      | XOM: noise
  3673 | D:5      | Reached skill level 7 in Maces & Flails
  3906 | D:5      | Reached skill level 8 in Fighting
  3958 | D:5      | XOM: god gift: 58 gold pieces
  4070 | D:6      | Found a staircase to the Ecumenical Temple.
  4124 | D:6      | Found Soxyfel's Gadget Boutique.
  4148 | D:6      | XOM: cast spell 'Death Channel'
  4429 | D:6      | Reached skill level 8 in Maces & Flails
  4454 | D:6      | XOM: divination: detect creatures
  4455 | D:6      | XOM: summons friendly iron imp
  4459 | D:6      | Reached skill level 9 in Fighting
  4674 | D:6      | Found a sand-covered staircase.
  4682 | Ossuary  | Entered an ossuary
  4698 | Ossuary  | Reached XP level 9. HP: 50/60 MP: 9/9
  4739 | Ossuary  | XOM: destruction
  4799 | Ossuary  | XOM: torment (23/61 hp)
  4808 | Ossuary  | XOM: harmless Tloc miscast
  4872 | Ossuary  | XOM: torment (30/61 hp)
  5008 | Ossuary  | XOM: confusion (+ monsters)
  5025 | Ossuary  | XOM: enchant monster (good)
  5038 | Ossuary  | Reached skill level 10 in Fighting
  5038 | Ossuary  | Reached skill level 9 in Maces & Flails
  5045 | Ossuary  | XOM: scenery: 1 doors close
  5076 | Ossuary  | XOM: scenery: 2 doors open, 1 doors close
  5616 | D:7      | Noticed Prince Ribbit
  5623 | D:7      | Killed Prince Ribbit
  5626 | D:7      | Got a fine morningstar
  5628 | D:7      | Identified the cursed +1 morningstar of Oozing Pus {freeze, Str+3 Dex+4 Stlth+} (You found it on level 7 of the Dungeon)
  5643 | D:7      | Noticed Joseph
  5643 | D:7      | XOM: summons 3 friendly demons
  5653 | D:7      | XOM: scenery: create altars
  5675 | D:7      | Killed Joseph
  5675 | D:7      | Reached skill level 10 in Maces & Flails
  5916 | D:7      | Reached skill level 11 in Fighting
  6149 | D:7      | Reached XP level 10. HP: 66/69 MP: 10/10
  6162 | D:7      | XOM: scenery: create altars
  6273 | D:7      | XOM: potion effect (curing)
  6375 | D:7      | Found a shadowy altar of Dithmenos.
  6518 | D:7      | XOM: god gift: 14 gold pieces
  6643 | D:8      | XOM: smoke on damage
  6832 | D:8      | XOM: 6-stop teleportation journey
  6837 | D:8      | Reached skill level 11 in Maces & Flails
  6999 | D:8      | Noticed a two-headed ogre
  7003 | D:8      | XOM: cast spell 'Alistair's Intoxication'
  7008 | D:8      | Killed a two-headed ogre
  7008 | D:8      | Reached skill level 12 in Fighting
  7191 | D:8      | XOM: cleaving
  7343 | D:9      | XOM: 2-stop teleportation journey
  7355 | D:9      | XOM: cloud trail
  7378 | D:9      | Noticed a purple ugly thing
  7379 | D:9      | XOM: divine lightning
  7380 | D:9      | Noticed a catoblepas
  7381 | D:9      | XOM: cleaving
  7382 | D:9      | XOM: scenery: create altars
  7387 | D:9      | Noticed Erica
  7388 | D:9      | XOM: confuse monster(s)
  7392 | D:9      | Killed a purple ugly thing
  7415 | D:10     | Entered Level 10 of the Dungeon
  7541 | D:10     | XOM: god gift: 60 gold pieces
  7628 | D:9      | XOM: fog
  7636 | D:9      | XOM: divination: detect items
  7639 | D:9      | XOM: cleaving
  7642 | D:9      | XOM: mild Air miscast
  7667 | D:9      | XOM: enchant monster (bad)
  7719 | D:9      | HP: 2/72 [komodo dragon (13)]
  7720 | D:9      | Demolished by a komodo dragon

Vanquished Creatures
  A two-headed ogre (D:8)
  An ugly thing (D:9)
  2 centaur zombies
  Joseph (D:7)
  Prince Ribbit (D:7)
  Grinder (D:5)
  4 yaks (D:7)
  2 orc warriors
  Duvessa (D:5)
  A sky beast (D:8)
  A phantom (D:8)
  An ice beast (D:5)
  5 ogres
  6 centaurs
  A big kobold (D:7)
  3 bullfrogs
  Dowan (D:5)
  2 scorpions
  4 wights (D:7)
  4 crimson imps
  4 bullfrog zombies
  2 hounds
  3 jellies
  2 bullfrog skeletons
  4 orc priests
  A gnoll shaman (D:4)
  16 mummies (Ossuary)
  2 centaur skeletons
  2 iguanas
  4 orc wizards
  6 worker ants
  2 killer bee zombies
  3 hound skeletons
  2 hound zombies
  4 worker ant zombies
  11 gnolls
  5 adders
  3 shadow imps
  4 oozes
  A worm (D:2)
  An adder skeleton (D:8)
  An adder zombie (Ossuary)
  3 dart slugs
  7 leopard geckos
  41 orcs
  A ball python (D:2)
  5 giant cockroaches
  5 goblins
  6 hobgoblins
  12 jackals
  7 bats
  4 frilled lizards
  A goblin zombie (D:6)
  2 jackal zombies (Ossuary)
  7 kobolds
  A leopard gecko zombie (Ossuary)
  2 quokka zombies
  8 rats
238 creatures vanquished.

Vanquished Creatures (collateral kills)
  A sky beast (D:6)
  An orc wizard (D:7)
  A gnoll (D:6)
  3 orcs
  A quokka (D:6)
7 creatures vanquished.

Vanquished Creatures (others)
  A wight (D:9)
  A withered plant (Ossuary)
2 creatures vanquished.

Grand Total: 247 creatures vanquished
